 Dungeon Sprint DCSS version 0.21.1-1-g345015f (webtiles) character file.

39 GreatBrownShark the Cudgeler (level 3, -3/37 HPs)
             Began as a Minotaur Berserker on June 26, 2018.
             Was a Believer of Trog.
             Slain by a water elemental (19 damage)
             ... in the Dungeon (Sprint III: "The Ten Rune Challenge").
             The game lasted 00:00:53 (348 turns).

GreatBrownShark the Cudgeler (Minotaur Berserker)    Turns: 348, Time: 00:00:53

Health: -3/37      AC:  2    Str: 21    XL:     3   Next: 28%
Magic:  2/2        EV: 13    Int:  4    God:    Trog [**....]
Gold:   8          SH:  0    Dex: 10    Spells: 2/2 levels left

rFire    . . .     SeeInvis .   a - +0 mace
rCold    . . .     Gourm    .   (no shield)
rNeg     . . .     Faith    .   b - +0 animal skin
rPois    .         Spirit   .   (helmet restricted)
rElec    .         Reflect  .   (no cloak)
rCorr    .         Harm     .   (no gloves)
MR       .....     NoTele   +   (no boots)
Stlth    +.........             (no amulet)
HPRegen  0.12/turn              (no ring)
MPRegen  0.08/turn              (no ring)

@: no status effects
A: retaliatory headbutt, horns 2
a: Berserk, Trog's Hand, Burn Spellbooks, Renounce Religion


You were in the Dungeon.
You worshipped Trog.
Trog was pleased with you.
You were not hungry.

You visited 1 branch You collected 8 gold pieces.

Inventory:

Hand Weapons
 a - a +0 mace (weapon)
Armour
 b - a +0 animal skin (worn)
Scrolls
 i - a scroll of blinking
 k - a scroll of remove curse {unknown}
Potions
 d - a potion of curing
 e - a potion of heal wounds
 f - a potion of haste
 g - 2 potions of magic
 h - a potion of berserk rage
Comestibles
 c - a ration


   Skills:
 + Level 6.1 Fighting
 + Level 6.2 Maces & Flails
 + Level 3.3 Armour
 + Level 3.1 Dodging


You had 2 spell levels left.
You didn't know any spells.

Dungeon Overview and Level Annotations

Branches:
Dungeon (1/1)

Altars:


Innate Abilities, Weirdness & Mutations

You reflexively headbutt those who attack you in melee.
You have a pair of horns on your head.


Message History

You see here a rat skeleton.
You start resting.
You feel yourself speed up.
You start resting.
You recover from your berserk rage.
You start resting.
Some of the chunks of flesh in your inventory have rotted away. x2
All of the chunks of flesh in your inventory have rotted away.
HP restored.
You see here a wolf skeleton.
You open the door.
A water elemental comes into view.
You hit the water elemental but do no damage.
The water elemental hits you!!
Ouch! That really hurt!
You closely miss the water elemental.
You headbutt the water elemental, but do no damage.
The water elemental hits you!!
Ouch! That really hurt!
You die...

▓▓▓▓▓▓▓▓ ▓▓▓ <..#...####
##.# ...#......## #..#
..##.......# #..#
##.##.##...# #..# #+#+#
##.##.###..# +#..#......
#.####.##..# #..@E.⌠....
.###..##..####...#...###
#.....##..###....# ⌠.#
###..##...##.....# .#
##..##....#÷.....# #
#..###..##.#.....# #..#
#.. ####....# ▓▓▓▓ ▓▓▓
▓▓▓▓▓▓


You could see a water elemental.

Vanquished Creatures
  A human (D)
  A wolf (D)
  An ooze (D)
  3 rats (D)
6 creatures vanquished.

Vanquished Creatures (others)
  2 draconian scorchers (D)
  6 hellions (D)
8 creatures vanquished.

Grand Total: 14 creatures vanquished

Notes
Turn   | Place    | Note
-------+----------+-------------------------------------------
     0 | D        | GreatBrownShark the Minotaur Berserker began the quest for the Orb.
     0 | D        | Reached XP level 1. HP: 19/19 MP: 0/0
    86 | D        | Reached ** piety under Trog
    87 | D        | Killed a hellion
   106 | D        | Killed a hellion
   109 | D        | Killed a hellion
   116 | D        | Killed a hellion
   117 | D        | Killed a hellion
   135 | D        | Noticed a wolf
   136 | D        | Reached skill level 5 in Fighting
   136 | D        | Reached skill level 5 in Maces & Flails
   136 | D        | Reached XP level 2. HP: 14/29 MP: 1/1
   138 | D        | Reached XP level 3. HP: 18/37 MP: 2/2
   166 | D        | Killed a white draconian scorcher
   189 | D        | Killed a hellion
   280 | D        | Killed a white draconian scorcher
   345 | D        | Noticed a water elemental
   348 | D        | Slain by a water elemental

Skill      XL: |  1  2 |
---------------+-------+-----
Fighting       | 5 6 |  6.1
Maces & Flails | 5 6 |  6.2
Armour         | 3 |  3.3
Dodging        | 3 |  3.1

Action                   || total
-------------------------++-------
Melee: Mace              ||    14
       Headbutt          ||     1
Invok: Berserk           ||     1
Armor: Animal skin       ||     2
Dodge: Dodged            ||     5
